Map: [TLMC21] Satellite Years

Players

Geralt (Gerald) - Winner!

  • Race: Protoss Protoss
  • League: Grandmaster
  • Spawn Location: 11:00

Jumy (ForJumy)

  • Race: Protoss Protoss
  • League: Master
  • Spawn Location: 5:00

VOD

Have the link to the VOD?

Description

Time

  • Played on: Oct. 12, 2025, 1:25 p.m.
  • Length: 8:15
Show
View Real Time Build Order
Export as new Build Order

Geralt Protoss - Winner!

Build Orders: Blink Stalkers 

Get SALT Encoding   

  12  0:00  Probe  
  13  0:12  Probe  
  14  0:17  Pylon  
  14  0:23  Probe  
  15  0:31  Probe  
  16  0:37  Gateway  
  16  0:39  Probe  
  16  0:45  Assimilator  
  17  0:50  Probe  
  17  0:54  Assimilator  
  18  0:59  Probe  
  19  1:07  Gateway, Probe  
  20  1:17  Probe  
  20  1:23  Cybernetics Core  
  21  1:29  Probe  
  22  1:34  Pylon  
  22  1:41  Probe  
  23  1:53  Probe  
  24  1:58  Stalker  
  24  2:01  Sentry  
  24  2:05  Probe  
  24  2:07  Warp Gate  
  29  2:12  Pylon  
  29  2:17  Probe  
  29  2:18  Pylon  
  30  2:27  Stalker  
  30  2:29  Probe  
  33  2:46  Sentry, Nexus  
  35  2:53  Shield Battery  
  35  2:56  Probe  
  36  3:05  Twilight Council  
  35  3:08  Probe  
  36  3:14  Blink  
  36  3:17  Pylon  
  36  3:20  Probe  
  37  3:32  Probe  
  38  3:44  Probe  
  38  3:46  Gateway  
  39  3:55  Adept  
  39  3:56  Probe, Adept  
  39  4:00  Probe  
  45  4:05  Gateway  
  45  4:11  Probe  
  45  4:15  Probe  
  47  4:19  Stalker  
  45  4:27  Probe, Stalker  
  45  4:28  Probe  
  48  4:39  Probe  
  48  4:41  Probe  
  48  4:45  Stalker  
  52  4:51  Probe  
  53  4:53  Probe  
  53  4:56  Stalker  
  52  5:03  Probe, Stalker x2  
  52  5:05  Probe  
  58  5:09  Pylon  
  58  5:15  Probe  
  58  5:17  Probe  
  58  5:19  Pylon  
  60  5:23  Stalker  
  60  5:28  Probe  
  63  5:29  Stalker x2  
  62  5:40  Probe  
  62  5:41  Probe  
  63  5:51  Stalker x2  
  63  5:52  Probe  
  63  5:53  Probe  
  69  6:05  Probe  
  69  6:07  Stalker x2  
  69  6:09  Probe  
  73  6:17  Probe  
  74  6:19  Nexus  
  74  6:21  Probe  
  75  6:32  Probe  
  72  6:33  Stalker  
  72  6:34  Stalker x2  
  72  6:36  Probe  
  73  6:44  Probe  
  74  6:47  Robotics Facility  
  74  6:48  Probe  
  75  6:56  Probe  
  75  6:58  Pylon  
  75  7:00  Probe  
  77  7:07  Assimilator  
  77  7:08  Probe  
  77  7:10  Gateway  
  77  7:14  Pylon  
  77  7:15  Probe  
  77  7:21  Probe  
  77  7:22  Pylon  
  78  7:25  Stalker x3  
  78  7:27  Probe  
  84  7:35  Probe x2, Stalker  
  84  7:46  Observer  
  84  7:47  Probe  
  85  8:01  Probe  
  85  8:02  Probe  
  85  8:03  Stalker x2  
Show
View Real Time Build Order
Export as new Build Order

Jumy Protoss 

Build Orders: Oracle Opening, Blink Stalkers 

Get SALT Encoding   

  12  0:00  Probe  
  13  0:12  Probe  
  14  0:16  Pylon  
  14  0:24  Probe  
  15  0:32  Probe  
  15  0:34  Gateway  
  15  0:40  Probe  
  16  0:46  Assimilator  
  17  0:51  Probe  
  17  0:55  Assimilator  
  18  1:01  Probe  
  19  1:09  Probe  
  19  1:10  Gateway  
  19  1:18  Probe  
  20  1:25  Cybernetics Core  
  21  1:31  Probe  
  22  1:36  Pylon  
  22  1:43  Probe  
  23  1:55  Probe  
  23  1:59  Stalker  
  18  2:01  Stalker  
  28  2:14  Stargate  
  28  2:17  Probe  
  28  2:19  Warp Gate  
  29  2:27  Pylon  
  29  2:30  Probe  
  30  2:53  Oracle  
  30  2:54  Nexus  
  34  3:05  Probe  
  34  3:15  Twilight Council  
  34  3:18  Probe  
  35  3:23  Oracle  
  38  3:35  Probe  
  38  3:38  Pylon  
  39  3:48  Gateway  
  39  3:52  Blink  
  39  3:56  Probe  
  40  4:07  Probe  
  40  4:08  Probe  
  40  4:09  Gateway  
  42  4:18  Probe  
  42  4:19  Stalker  
  42  4:20  Probe  
  46  4:28  Probe  
  47  4:32  Probe, Stalker  
  47  4:38  Pylon  
  50  4:40  Probe  
  51  4:46  Stalker  
  51  4:48  Probe  
  53  4:56  Stalker  
  53  4:57  Probe  
  56  5:00  Probe  
  56  5:01  Pylon  
  56  5:06  Gateway  
  57  5:09  Probe  
  57  5:12  Stalker  
  60  5:16  Assimilator  
  60  5:17  Probe  
  61  5:21  Probe  
  61  5:22  Stalker  
  64  5:29  Probe  
  65  5:42  Stalker x3  
  68  5:44  Probe  
  68  5:46  Probe  
  64  5:50  Stalker  
  64  5:55  Pylon  
  64  6:05  Pylon  
  64  6:10  Pylon  
  62  6:12  Nexus  
  62  6:13  Probe x2  
  64  6:24  Stalker  
  66  6:25  Probe  
  66  6:28  Stalker x2  
  60  6:42  Pylon  
  60  6:43  Probe  
  60  6:45  Shield Battery  
  60  6:46  Stalker  
  60  6:47  Probe  
  60  6:48  Stalker x2  
  60  6:52  Dark Shrine  
  65  6:55  Probe, Assimilator  
  65  6:57  Stalker  
  65  6:59  Probe  
  69  7:07  Probe  
  69  7:08  Adept x2  
  74  7:16  Stalker x2  
  74  7:19  Nexus  
  74  7:21  Pylon  
  78  7:23  Pylon  
  78  7:36  Probe  
  77  7:38  Forge  
  77  7:39  Gateway  
  77  7:41  Stalker  
  75  7:44  Stalker  
  75  7:47  Stalker  
  66  7:53  Stalker  
  66  7:57  Stalker  
  68  8:05  Stalker  
Tags
 
Add a new tag
Caveats
  • Supply blocks, unpowered buildings, or Contaminate may cause inaccurate times.
  • Supply counts are checked every 10 seconds.